 Dungeon Crawl Stone Soup version 0.24-a0-496-gbe733cd003 (webtiles) character file.

Game seed: 15522625931530239475

162 Bapho the Sneak (level 5, 0/52 HPs)
             Began as an Octopode Wizard on July 13, 2019.
             Succumbed to a scorpion's poison
             ... on level 4 of the Dungeon.
             The game lasted 00:07:46 (4055 turns).

Bapho the Sneak (Octopode Wizard)                   Turns: 4055, Time: 00:07:46

Health: 0/52       AC: 22    Str: 11    XL:     5   Next: 43%
Magic:  3/9        EV:  2    Int: 27    God:
Gold:   136        SH:  0    Dex: 15    Spells: 0/10 levels left

rFire    . . .     SeeInvis .   d - +1 dagger
rCold    . . .     Gourm    .   (no shield)
rNeg     + + +     Faith    .   (helmet currently unavailable)
rPois    +         Spirit   .   (no amulet)
rElec    .         Reflect  .   (no ring)
rCorr    .         Harm     .   (no ring)
MR       .....     NoTele   +   (no ring)
Stlth    ++++......             (no ring)
HPRegen  0.17/turn              (no ring)
MPRegen  0.11/turn              (no ring)
                                (no ring)
                                (no ring)

@: mighty, brilliant, agile, lethally poisoned (0 -> -2), tree-form, hasted,
very quick
A: almost no armour, stealthy swim, (amphibious), 8 rings, (constrict 8)
a: no special abilities


You were on level 4 of the Dungeon.
You were hungry.
You were a tree.
You visited 1 branch of the dungeon, and saw 7 of its levels.

You collected 136 gold pieces.

Inventory:

Hand Weapons
 d - a +1 dagger (weapon)
Armour
 a - a +0 hat (melded)
Scrolls
 b - 4 scrolls of teleportation
 f - a scroll of remove curse
 h - 2 scrolls of enchant weapon
Potions
 l - a potion of lignification
Comestibles
 c - 11 rations


   Skills:
 + Level 2.3 Fighting
 - Level 2.0 Dodging
 - Level 4.4 Stealth
 - Level 3.3 Spellcasting
 + Level 3.1 Conjurations
 - Level 1.0 Summonings
 - Level 1.0 Translocations


You couldn't memorise any spells.
You knew the following spells:

 Your Spells              Type           Power        Failure   Level  Hunger
a - Magic Dart            Conj           ####         1%          1    None
b - Blink                 Tloc           N/A          1%          2    #......
c - Call Imp              Summ           ####....     1%          2    #......
d - Slow                  Hex            ###.....     1%          2    #......
e - Mephitic Cloud        Conj/Pois/Air  ####....     2%          3    ##.....

Your spell library contained the following spells:

 Spells                   Type           Power        Failure   Level  Hunger
 Conjure Flame            Conj/Fire      ####....     1%          3    ##.....


Dungeon Overview and Level Annotations

Branches:
Dungeon (7/15)
 Temple: D:4-7

Altars:

Shops:
D:4 [}


Innate Abilities, Weirdness & Mutations

You cannot wear most types of armour.
You are very stealthy in the water. (Stealth+)
((You are amphibious.))
You can wear up to eight rings at the same time.
((You can use your tentacles to constrict eight enemies at once.))
((Your skin changes colour to match your surroundings (Stealth+).))
((Your rubbery body absorbs attacks. (AC +1, EV +1)))


Message History

You feel sick.
* * * LOW HITPOINT WARNING * * *
You feel sick.
* * * LOW HITPOINT WARNING * * *
You feel sick.
* * * LOW HITPOINT WARNING * * *
You feel sick.
* * * LOW HITPOINT WARNING * * *
You feel sick.
* * * LOW HITPOINT WARNING * * *
You feel sick.
* * * LOW HITPOINT WARNING * * *
You feel sick.
* * * LOW HITPOINT WARNING * * *
You feel sick.
Your magical contamination has completely faded away.
* * * LOW HITPOINT WARNING * * *
You feel sick.
Your white imp disappears in a puff of smoke!
You die...

#...# ########
#...######......# ##
#...+...##......#
#...#...###.##...)..#
#...>.............+
#...##..............#
#.∩
#.......#......#### #
+.§.....#....(....#
#.♣5....#.###.....#
#.......#.# #....(#
#.......#.# #.....#
#####+#.#.# #.....#
#.#.# #...### #.#
#...... #.# #......
#.# #...... #......


You could see a friendly crimson imp.

Vanquished Creatures
  A scorpion (D:4)
  3 adders
  2 oozes
  An adder skeleton (D:4)
  2 worms (D:3)
  A dart slug (D:3)
  3 leopard geckos
  An orc (D:3)
  2 giant cockroaches (D:1)
  10 goblins
  4 hobgoblins
  2 jackals (D:2)
  15 bats
  3 frilled lizards (D:1)
  3 kobolds (D:3)
  7 rats
60 creatures vanquished.

Vanquished Creatures (collateral kills)
  A hound (D:4)
  A hobgoblin (D:2)
  A quokka (D:4)
  A bat (D:3)
  A rat (D:2)
5 creatures vanquished.

Grand Total: 65 creatures vanquished

Notes
Turn   | Place    | Note
-------+----------+-------------------------------------------
     0 | D:1      | Bapho the Octopode Wizard began the quest for the Orb.
     0 | D:1      | Reached XP level 1. HP: 11/11 MP: 4/4
    45 | D:1      | Reached skill level 3 in Stealth
   152 | D:1      | Reached XP level 2. HP: 17/17 MP: 3/6
   660 | D:1      | Learned a level 2 spell: Blink
   663 | D:1      | Learned a level 2 spell: Call Imp
   666 | D:1      | Learned a level 2 spell: Slow
   925 | D:1      | Reached XP level 3. HP: 21/21 MP: 3/7
  2408 | D:2      | Reached skill level 4 in Stealth
  2598 | D:3      | Reached skill level 1 in Fighting
  2598 | D:3      | Reached XP level 4. HP: 28/28 MP: 0/8
  2826 | D:3      | Found a faded altar of an unknown god.
  3716 | D:4      | Found Pyiluurr's Gadget Boutique.
  3745 | D:4      | Reached XP level 5. HP: 21/34 MP: 1/9
  3945 | D:4      | Learned a level 3 spell: Mephitic Cloud
  3984 | D:4      | Found Futrakh's Armour Boutique.
  3999 | D:4      | You fall into a shaft and drop 3 floors!
  4000 | D:7      | Noticed an ice beast
  4009 | D:5      | Entered Level 5 of the Dungeon
  4045 | D:4      | HP: 2/52 [poisoned by a scorpion]
  4051 | D:4      | HP: 1/52 [poisoned by a scorpion]
  4055 | D:4      | Succumbed to a scorpion's poison

Levels and vault maps discovered:
D:1:      saegor_arrival_miasma, layout_basic
D:2:      layout_basic
D:3:      layout_rooms, chequers_ecumenical_altar_simple_redux
D:4:      layout_basic, gammafunk_temple_overflow_pools, serial_shops,
          nicolae_shop_stone, kennysheep_little_box, shop, first_ration
D:5:      layout_cave_pools, grunt_ministairs_8, minmay_small_thing
D:6:      corexii_shack_village, layout_rooms
D:7:      layout_loops_cross, gammafunk_temple_overflow_arena,
          minmay_temple_entry_fiery, uniq_crazy_yiuf_cottage, uniq_menkaure,
          uniq_harold

Skill      XL: |  1  2  3  4  5 |
---------------+----------------+-----
Stealth        | 3 4 |  4.4
Conjurations   | 2 3 |  3.1
Fighting       | 1 2 |  2.3
Dodging        | |  2.0
Spellcasting   | |  3.3
Summonings     | |  1.0
Translocations | |  1.0

Action                   |  1- 3 |  4- 6 || total
-------------------------+-------+-------++-------
Melee: Dagger            |     6 |    33 ||    39
       Constrict         |     3 |     8 ||    11
       Tentacles         |     1 |     3 ||     4
 Cast: Magic Dart        |    80 |    65 ||   145
       Call Imp          |     1 |     5 ||     6
       Blink             |       |     1 ||     1
  Use: Potion            |       |     6 ||     6
       Scroll            |       |     5 ||     5
 Stab: Sleeping          |       |     1 ||     1
  Eat: Chunk             |     5 |     4 ||     9
Armor: Skin              |     3 |     4 ||     7
Dodge: Dodged            |    23 |    34 ||    57

Table legend:
 A = Non-vault XP
 B = Vault XP
 C = Vault XP percentage of total XP
 D = Non-vault monster count
 E = Vault monster count
 F = Vault count percentage of total count
                 A         B        C        D         E       F
            +---------+---------+-------+---------+---------+-------
      Total |     232 |       0 |   0.0 |      65 |       0 |   0.0
            +---------+---------+-------+---------+---------+-------
        D:1 |      43 |       0 |   0.0 |      24 |       0 |   0.0
        D:2 |      29 |       0 |   0.0 |      14 |       0 |   0.0
        D:3 |      64 |       0 |   0.0 |      22 |       0 |   0.0
        D:4 |      96 |       0 |   0.0 |       5 |       0 |   0.0
            +---------+---------+-------+---------+---------+-------
